Map: Eternal Empire LE

Players

souL - Winner!

  • Race: Terran Terran
  • Spawn Location: 7:00

Gerald

  • Race: Protoss Protoss
  • Spawn Location: 1:00

Event: IEM Katowice 2020

VOD

Have the link to the VOD?

Description

Time

  • Played on: Feb. 24, 2020, 7:04 a.m.
  • Length: 13:35

All games in this series

Show
View Real Time Build Order
Export as new Build Order

souL Terran - Winner!

Build Orders: Reaper Expand 

Get SALT Encoding   

  12  0:00  SCV  
  13  0:13  SCV  
  14  0:17  Supply Depot  
  14  0:25  SCV  
  15  0:38  SCV  
  15  0:40  Barracks  
  16  0:45  Refinery  
  16  0:50  SCV  
  17  1:03  SCV  
  18  1:15  SCV  
  19  1:28  Reaper  
  19  1:29  Orbital Command  
  20  1:41  Command Center  
  20  1:56  SCV  
  20  1:58  Supply Depot  
  20  2:00  Marine  
  22  2:08  SCV  
  23  2:09  Bunker  
  23  2:17  Factory  
  23  2:21  SCV  
  24  2:24  Barracks Reactor  
  24  2:33  SCV, Refinery  
  25  2:46  SCV  
  26  2:58  SCV  
  27  3:02  Marine x2, Starport  
  27  3:03  Orbital Command  
  27  3:04  Widow Mine  
  31  3:10  SCV  
  32  3:18  Bunker  
  31  3:20  Marine x2  
  31  3:22  SCV  
  31  3:26  Widow Mine  
  36  3:27  Supply Depot  
  36  3:29  SCV  
  37  3:34  SCV  
  37  3:38  Marine  
  40  3:41  SCV  
  40  3:42  Medivac  
  40  3:47  SCV, Supply Depot  
  44  3:51  Factory Tech Lab  
  44  3:54  Marine  
  44  3:55  SCV  
  45  3:59  SCV  
  45  4:02  Supply Depot  
  46  4:07  SCV  
  47  4:11  SCV  
  47  4:12  Cyclone, Viking  
  47  4:15  Marine  
  54  4:19  SCV  
  54  4:23  SCV  
  56  4:31  SCV  
  56  4:32  Barracks  
  56  4:35  SCV  
  58  4:40  Command Center  
  58  4:44  Siege Tank  
  61  4:49  SCV  
  61  4:51  Marine x2  
  64  4:58  SCV  
  65  5:01  Starport Tech Lab  
  65  5:02  Barracks  
  59  5:07  SCV  
  59  5:08  Refinery x2  
  59  5:09  Marine x2  
  59  5:10  SCV  
  59  5:11  Viking  
  65  5:16  Cyclone  
  65  5:19  SCV  
  69  5:22  SCV  
  69  5:25  Barracks Tech Lab, Engineering Bay  
  69  5:28  Engineering Bay  
  70  5:33  Supply Depot  
  70  5:34  SCV  
  70  5:42  Starport Reactor  
  70  5:44  Marine x2, SCV, Stimpack  
  70  5:45  Marauder  
  70  5:47  SCV  
  76  5:54  Terran Infantry Weapons Level 1  
  76  5:56  SCV, Supply Depot  
  77  5:59  SCV, Orbital Command  
  77  6:01  Marine, Factory Reactor  
  77  6:02  Terran Infantry Armor Level 1  
  79  6:05  Marine x2  
  79  6:08  Combat Shield  
  79  6:10  SCV  
  82  6:14  Factory Tech Lab  
  84  6:18  Marauder  
  84  6:19  Marine  
  84  6:20  SCV  
  84  6:24  Marauder  
  84  6:27  SCV  
  84  6:28  Marine  
  84  6:29  Orbital Command  
  84  6:33  Siege Tank  
  84  6:34  SCV  
  84  6:37  Marine  
  84  6:39  SCV  
  92  6:40  Marauder  
  92  6:42  Supply Depot  
  92  6:44  Medivac  
  92  6:45  Medivac  
  92  6:46  SCV  
  97  6:51  SCV  
  97  6:52  Marine  
  97  6:53  Marauder  
  98  6:54  SCV  
  98  6:59  SCV  
  97  7:03  Marine, SCV  
  97  7:05  Siege Tank  
  97  7:06  SCV  
  97  7:08  Marauder  
  105  7:11  SCV  
  105  7:14  Marine, Marauder  
  109  7:21  Marine, SCV x2, Supply Depot  
  111  7:23  SCV  
  111  7:29  Marauder  
  113  7:30  Medivac  
  113  7:31  Marine  
  113  7:33  SCV  
  113  7:35  Concussive Shells  
  117  7:39  Marine, SCV x2, Medivac, Marauder  
  124  7:45  SCV, Supply Depot  
  124  7:47  Supply Depot  
  124  7:51  SCV, Marauder  
  127  7:52  SCV  
  127  7:57  SCV  
  130  8:01  Marauder  
  130  8:03  Marine  
  130  8:05  SCV x2  
  132  8:10  SCV  
  132  8:11  Marine  
  132  8:12  Marauder  
  126  8:17  SCV  
  126  8:18  SCV  
  128  8:21  Marine  
  128  8:22  Marauder  
  131  8:28  Medivac x2  
  131  8:29  Marine  
  131  8:33  SCV, Marauder  
  139  8:36  SCV  
  139  8:38  Marine  
  141  8:42  SCV  
  141  8:44  Marauder  
  141  8:46  SCV  
  141  8:47  Marine  
  143  8:52  SCV  
  143  8:55  Marauder  
  141  8:56  Marine  
  141  9:00  Medivac  
  144  9:03  SCV  
  144  9:04  Marine  
  144  9:05  SCV, Marauder  
  144  9:08  SCV  
  144  9:09  Viking  
  142  9:14  Marine  
  142  9:15  SCV  
  142  9:16  Marauder  
  130  9:17  SCV  
  130  9:22  Marine  
  130  9:23  SCV  
  133  9:25  Barracks  
  133  9:26  Starport, Marauder  
  133  9:27  SCV, Barracks  
  133  9:29  Armory  
  133  9:30  Medivac  
  133  9:31  SCV  
  135  9:32  Marine  
  135  9:35  SCV  
  135  9:38  Marauder  
  136  9:39  SCV  
  136  9:40  Marine  
  136  9:43  Medivac  
  132  9:48  Marauder  
  132  9:50  Marine  
  129  9:58  Marine  
  129  9:59  Marauder  
  126  10:00  Medivac  
  126  10:01  Refinery  
  126  10:02  Refinery  
  126  10:04  Bunker  
  126  10:05  Bunker, Starport Reactor  
  128  10:07  Marine  
  128  10:08  Siege Tank  
  128  10:09  Marauder  
  135  10:16  Marine, Command Center  
  135  10:20  Marauder  
  137  10:21  Barracks Reactor, Barracks Tech Lab  
  137  10:25  Marine  
  138  10:30  Viking  
  138  10:31  Sensor Tower, Missile Turret, Viking, Marauder  
  138  10:33  Marine  
  145  10:38  Missile Turret  
  145  10:40  Siege Tank  
  148  10:43  Marine  
  148  10:46  Supply Depot  
  148  10:47  Supply Depot  
  148  10:48  Viking  
  148  10:49  Marauder  
  153  10:51  Marine  
  153  10:52  Marauder  
  153  10:53  Terran Infantry Weapons Level 2  
  153  10:56  Terran Infantry Armor Level 2  
  156  10:57  Marine  
  156  11:01  Marauder  
  156  11:03  Marine x2  
  157  11:08  Viking  
  157  11:09  Marine  
  157  11:10  Marauder  
  161  11:11  Viking  
  161  11:13  Marauder  
  161  11:15  Marine  
  161  11:16  Viking  
  168  11:20  Bunker  
  168  11:22  Marine, Bunker, Marauder  
  170  11:26  Marine  
  170  11:27  Viking  
  170  11:28  Missile Turret  
  170  11:29  Marine  
  170  11:32  Marauder  
  176  11:35  Marauder  
  178  11:42  Ghost Academy  
  178  11:43  Marauder  
  178  11:45  SCV x3  
  178  11:46  Fusion Core  
  183  11:49  Marine  
  183  11:53  Marauder  
  186  11:57  SCV x2  
  188  12:08  Sensor Tower, Missile Turret  
  188  12:14  Viking  
  188  12:18  Planetary Fortress  
  188  12:26  Unknown  
  188  12:27  Barracks x2  
  188  12:29  Marine, Viking, Ghost  
  195  12:30  Marauder, Ghost  
  195  12:50  Marine  
Show
View Real Time Build Order
Export as new Build Order

Gerald Protoss 

Build Orders: 1 Gate Expand, Phoenix Opening, Colossus Rush 

Get SALT Encoding   

  12  0:00  Probe  
  13  0:12  Probe  
  14  0:17  Pylon  
  14  0:25  Probe (Chrono Boost)  
  16  0:37  Probe (Chrono Boost)  
  16  0:39  Gateway  
  16  0:42  Probe (Chrono Boost)  
  16  0:45  Assimilator  
  17  0:51  Probe  
  18  1:03  Probe  
  19  1:16  Probe  
  20  1:26  Cybernetics Core  
  20  1:33  Nexus  
  20  1:35  Probe  
  21  1:45  Pylon  
  21  1:47  Probe  
  21  1:52  Assimilator  
  22  1:59  Probe  
  23  2:02  Adept (Chrono Boost)  
  25  2:10  Warp Gate  
  25  2:12  Probe  
  26  2:24  Probe, Adept (Chrono Boost)  
  29  2:36  Probe  
  29  2:42  Stargate  
  29  2:45  Probe  
  29  2:48  Probe  
  29  2:50  Adept  
  30  2:57  Probe  
  33  3:00  Probe  
  33  3:04  Pylon  
  34  3:16  Probe  
  34  3:17  Probe  
  36  3:20  Adept  
  36  3:25  Phoenix (Chrono Boost)  
  40  3:28  Probe  
  40  3:29  Probe  
  42  3:36  Gateway  
  42  3:40  Probe  
  43  3:41  Probe, Gateway  
  43  3:47  Phoenix (Chrono Boost)  
  46  3:53  Probe x2  
  48  4:04  Phoenix (Chrono Boost)  
  48  4:07  Robotics Facility  
  48  4:09  Probe x2  
  52  4:11  Assimilator  
  52  4:18  Pylon, Assimilator  
  52  4:24  Phoenix (Chrono Boost)  
  52  4:30  Pylon  
  54  4:32  Forge  
  54  4:36  Probe  
  55  4:40  Probe  
  56  4:48  Probe  
  56  4:52  Probe  
  56  5:00  Probe, Robotics Bay  
  56  5:02  Protoss Ground Weapons Level 1 (Chrono Boost)  
  56  5:04  Probe  
  58  5:12  Probe  
  58  5:13  Observer  
  60  5:16  Phoenix, Probe  
  60  5:18  Nexus  
  63  5:21  Pylon  
  63  5:24  Probe  
  64  5:28  Probe  
  65  5:36  Probe  
  65  5:40  Probe  
  67  5:46  Colossus (Chrono Boost)  
  67  5:47  Pylon  
  67  5:48  Probe  
  74  5:52  Probe, Extended Thermal Lance  
  75  6:00  Probe, Forge  
  76  6:05  Probe  
  76  6:06  Pylon  
  76  6:08  Pylon  
  77  6:13  Probe  
  77  6:17  Probe  
  79  6:19  Colossus (Chrono Boost)  
  79  6:25  Probe  
  80  6:29  Probe x2  
  86  6:33  Twilight Council  
  86  6:37  Probe  
  87  6:40  Photon Cannon, Protoss Ground Armor Level 1 (Chrono Boost), Shield Battery  
  87  6:41  Probe x2  
  87  6:43  Assimilator  
  87  6:44  Sentry  
  91  6:49  Probe, Assimilator  
  91  6:53  Probe  
  93  7:02  Probe  
  93  7:03  Probe, Colossus (Chrono Boost)  
  93  7:05  Probe  
  102  7:10  Zealot x2  
  102  7:11  Zealot  
  102  7:13  Charge (Chrono Boost)  
  102  7:14  Probe  
  108  7:15  Probe  
  108  7:24  Probe  
  108  7:26  Protoss Ground Weapons Level 2 (Chrono Boost)  
  108  7:27  Gateway x2  
  109  7:30  Gateway  
  109  7:34  Gateway  
  109  7:36  Gateway  
  107  7:37  Templar Archives  
  107  7:44  Zealot x3  
  109  7:51  Pylon  
  113  7:52  Pylon x2  
  113  8:00  Probe  
  114  8:11  Stalker x3  
  106  8:16  Nexus  
  104  8:24  Zealot x2  
  107  8:27  Pylon, Zealot  
  107  8:29  Pylon, Stalker  
  107  8:31  Probe  
  107  8:32  Stalker  
  114  8:35  Probe  
  114  8:36  Probe  
  114  8:38  Zealot x3  
  112  8:43  Probe  
  112  8:47  Probe, Templar Archives  
  113  8:49  Stalker x2  
  116  8:57  Zealot x2  
  116  9:02  Zealot  
  115  9:05  Zealot  
  115  9:06  Zealot  
  117  9:11  Probe  
  112  9:21  Stalker x2  
  115  9:25  Probe  
  115  9:26  Probe  
  115  9:30  Probe  
  113  9:34  Zealot x2  
  109  9:39  Zealot  
  109  9:44  Zealot  
  93  9:51  Zealot x2  
  79  9:53  Probe  
  76  10:02  Warp Prism (Chrono Boost)  
  77  10:14  Probe  
  77  10:15  Probe  
  77  10:20  Phoenix (Chrono Boost)  
  81  10:30  High Templar x4  
  81  10:31  High Templar x2  
  93  10:46  Archon  
  93  10:47  Archon  
  93  10:51  Immortal  
  93  10:52  Archon  
  93  10:53  Stalker x2  
  101  11:10  Probe x2  
  101  11:11  Probe  
  104  11:16  Zealot x5  
  110  11:35  Probe x2  
  111  11:41  Probe  
  112  11:47  Probe x2  
  112  11:51  Zealot x2  
  112  11:52  Zealot x2  
  112  11:53  Probe  
  112  11:54  Psionic Storm  
  120  11:59  Probe x2  
  119  12:05  Probe, Stalker  
  122  12:14  Probe (Chrono Boost)  
  123  12:19  Probe (Chrono Boost)  
  125  12:23  Probe (Chrono Boost), High Templar  
  127  12:33  Probe  
  127  12:35  Probe x2  
  130  12:46  Probe  
  130  12:47  Probe  
  132  12:54  Pylon  
  132  12:56  Pylon  
  132  13:04  Probe, Pylon  
  132  13:05  Probe  
  132  13:16  Zealot x8  

Tags
 
Add a new tag
Caveats
  • Supply blocks, unpowered buildings, or Contaminate may cause inaccurate times.
  • Supply counts are checked every 10 seconds.